 Dungeon Crawl Stone Soup version 0.24.0-123-gd5b16e6ec5 (webtiles) character file.

Game seed: 14765333901359919225, levelgen mode: deterministic

347 Johnny the Poker (level 6, -1/48 HPs)
             Began as a Demigod Gladiator on Jan 27, 2020.
             Splashed by a jelly's acid (7 damage)
             ... on level 5 of the Dungeon.
             The game lasted 00:03:30 (4344 turns).

Johnny the Poker (Demigod Gladiator)                Turns: 4344, Time: 00:03:30

Health: -1/48      AC:  3    Str: 26    XL:     6   Next: 10%
Magic:  8/8        EV:  9    Int: 12    God:
Gold:   153        SH:  0    Dex: 17    Spells: 5/5 levels left

rFire    . . .     SeeInvis .   a - +0 trident
rCold    . . .     Gourm    .   (no shield)
rNeg     . . .     Faith    .   t - +0 chain mail (curse)
rPois    .         Spirit   .   c - +0 helmet
rElec    .         Reflect  .   x - +0 cloak
rCorr    .         Harm     .   (no gloves)
MR       .....                  r - +0 pair of boots
Stlth    ..........             j - amulet of magic regeneration
HPRegen  0.16/turn              (no ring)
MPRegen  0.36/turn              (no ring)

@: mighty, corroded
A: high mp 1
a: no special abilities


You were on level 5 of the Dungeon.
You were not hungry.

You visited 1 branch of the dungeon, and saw 6 of its levels.

You collected 153 gold pieces.

Inventory:

Hand Weapons
 a - a +0 trident (weapon)
Missiles
 d - 3 throwing nets (quivered)
Armour
 c - a +0 helmet (worn)
 r - a +0 pair of boots (worn)
 t - a cursed +0 chain mail (worn)
 v - a +2 leather armour of fire resistance
 x - a +0 cloak (worn)
Jewellery
 i - a cursed +3 ring of strength {unknown}
 j - an amulet of magic regeneration (around neck)
Scrolls
 b - a scroll of amnesia {unknown}
 g - 5 scrolls of teleportation
 k - 4 scrolls of identify {unknown}
 l - 3 scrolls of remove curse {unknown}
 m - 2 scrolls of fear {unknown}
 o - 2 scrolls of enchant armour {unknown}
 p - a scroll of immolation {unknown}
 s - a scroll of blinking {unknown}
 u - 2 scrolls of fog {unknown}
 y - a scroll of enchant weapon {unknown}
Potions
 e - a potion of cancellation {unknown}
 h - a potion of invisibility {unknown}
 n - a potion of brilliance {unknown}
 q - 2 potions of might
 w - a potion of degeneration {unknown}
Comestibles
 f - 6 rations
 z - a chunk of flesh


   Skills:
 - Level 1.7 Fighting
 * Level 6.5 Polearms
 - Level 1.7 Throwing
 - Level 2.6 Dodging


You had 5 spell levels left.
You didn't know any spells.
Your spell library contained the following spells:

 Spells                   Type           Power        Failure   Level  Hunger
 Animate Skeleton         Necr           N/A          94%         1    ##.....
 Corona                   Hex            #......      94%         1    ##.....
 Pain                     Necr           #...         94%         1    ##.....
 Slow                     Hex            #.......     98%         2    ###....
 Inner Flame              Hex/Fire       #.......     100%        3    ####...
 Portal Projectile        Hex/Tloc       #.....       100%        3    ####...
 Regeneration             Chrm/Necr      #.........   100%        3    ####...
 Vampiric Draining        Necr           #.........   100%        3    ####...
 Animate Dead             Necr           N/A          100%        4    #####..
 Cause Fear               Hex            #.........   100%        4    #####..
 Leda's Liquefaction      Hex/Erth       #.........   100%        4    #####..


Dungeon Overview and Level Annotations

Branches:
Dungeon (6/15)
 Temple: D:4-7

Annotations:
D:4 Grinder, Pikel
D:6 Sigmund


Innate Abilities, Weirdness & Mutations

You have an increased reservoir of magic. (+10% MP)


Message History

Attack whom?
Press: ? - help, Dir - move target cursor, f - jelly
Aim: a jelly You hit the jelly but do no damage.
Your hands burn!
* * * LOW HITPOINT WARNING * * *
The jelly hits you but does no damage.
It was a potion of might.
You feel very mighty all of a sudden. The jelly closely misses you.
Unknown command.
Attack whom?
Press: ? - help, Dir - move target cursor, f/p - jelly
Aim: a jelly You puncture the jelly!
The acid corrodes you!
Your hands burn!
* * * LOW HITPOINT WARNING * * *
The jelly is heavily wounded.
The jelly hits you.
* * * LOW HITPOINT WARNING * * *
You are splashed with acid!
You die...

####### #.>...#
#.J@..# #.....#
##########.....#
#..............#
#####.########.....#
#.....# #.....#
#.##### #.....# ..#
####### ..# ####


You could see a jelly.

Vanquished Creatures
  A slave (D:5)
  A centaur (D:5)
  A scorpion (D:5)
  A crimson imp (D:6)
  3 worker ants (D:5)
  An adder (D:2)
  2 worms
  3 dart slugs
  3 leopard geckos
  6 orcs (D:3)
  2 ball pythons (D:2)
  5 giant cockroaches
  10 hobgoblins
  14 jackals
  A quokka (D:4)
  7 bats
  4 frilled lizards
  6 goblins
  5 kobolds
  5 rats
81 creatures vanquished.

Notes
Turn   | Place    | Note
-------+----------+-------------------------------------------
     0 | D:1      | Johnny the Demigod Gladiator began the quest for the Orb.
     0 | D:1      | Reached XP level 1. HP: 17/17 MP: 3/3
   206 | D:1      | Reached skill level 3 in Polearms
   322 | D:1      | Reached XP level 2. HP: 24/24 MP: 4/4
   990 | D:2      | Reached XP level 3. HP: 24/29 MP: 5/5
  1044 | D:2      | Reached skill level 4 in Polearms
  1805 | D:3      | Found a sparkling altar of Nemelex Xobeh.
  2062 | D:3      | Reached XP level 4. HP: 33/36 MP: 6/6
  2860 | D:4      | Noticed a slave
  2860 | D:4      | Noticed a slave
  2860 | D:4      | Noticed a slave
  2861 | D:4      | Noticed Pikel
  2889 | D:5      | Entered Level 5 of the Dungeon
  2901 | D:5      | Killed a slave
  3074 | D:5      | Reached skill level 5 in Polearms
  3306 | D:5      | Reached XP level 5. HP: 29/41 MP: 7/7
  3470 | D:5      | Noticed a centaur
  3484 | D:5      | Killed a centaur
  3484 | D:5      | Reached skill level 6 in Polearms
  3774 | D:5      | Found a glowing golden altar of the Shining One.
  4115 | D:4      | Noticed Grinder
  4116 | D:4      | Found a bloodstained altar of Trog.
  4249 | D:6      | Reached XP level 6. HP: 48/48 MP: 8/8
  4250 | D:6      | Noticed Sigmund
  4344 | D:5      | Splashed by a jelly's acid

Levels and vault maps discovered:
D:1:      minmay_arrival_five_plusses, layout_loops_corners, due_unseen_surprise
D:2:      layout_basic
D:3:      layout_loops_cross, nemelex_xobeh_ov_fountains_minmay
D:4:      layout_loops_ring, grunt_temple_overflow_open, nrook_mini_backslash,
          st_stairs_12, uniq_grinder, uniq_pikel
D:5:      layout_rooms, kennysheep_mini_moat, first_ration
D:6:      layout_loops_cross, lemuel_round_altar,
          minmay_temple_entry_steel_oval, basic_altar, enter_ossuary_1,
          uniq_sigmund

Skill      XL: |  1  2  3  4  5 |
---------------+----------------+-----
Polearms       | 3 4 5 6 |  6.5
Fighting       | |  1.7
Throwing       | |  1.7
Dodging        | |  2.6

Action                   |  1- 3 |  4- 6 || total
-------------------------+-------+-------++-------
Melee: Trident           |   192 |   131 ||   323
  Use: Scroll            |       |     1 ||     1
       Potion            |       |     1 ||     1
 Stab: Sleeping          |     4 |       ||     4
  Eat: Chunk             |     3 |     2 ||     5
       Ration            |       |     2 ||     2
Armor: Leather armour    |    17 |       ||    17
       Ring mail         |    37 |     8 ||    45
       Chain mail        |       |    30 ||    30
Dodge: Dodged            |    97 |    55 ||   152
